 Dungeon Crawl Stone Soup version 0.29.0-4-gdea44cf6ec (webtiles) character file.

Game seed: 11220498514751596414

56 Dillybarz the Chopper (level 3, -2/33 HPs)
             Began as a Minotaur Berserker on Aug 26, 2022.
             Was a Believer of Trog.
             Slain by Grinder (3 damage)
             ... on level 3 of the Dungeon.
             The game lasted 00:07:13 (1641 turns).

Dillybarz the Chopper (Minotaur Berserker)          Turns: 1641, Time: 00:07:14

Health: -2/33      AC: 11    Str: 23    XL:     3   Next: 69%
Magic:  2/2        EV:  6    Int:  4    God:    Trog [**....]
Gold:   68         SH:  5    Dex:  9    Spells: 2/2 levels left

rFire   . . .      SeeInvis .   c - +3 hand axe (vamp)
rCold   . . .      Faith    .   f - +2 buckler
rNeg    . . .      Spirit   .   j - +0 plate armour
rPois   .          Reflect  .   (helmet restricted)
rElec   .          Harm     .   (no cloak)
rCorr   .          Rampage  .   (no gloves)
Will    .....                   (no boots)
Stlth   ..........              (no amulet)
HPRegen 0.11/turn               (no ring)
MPRegen 0.08/turn               (no ring)

@: no status effects
A: horns 2, retaliatory headbutt
a: Renounce Religion, Berserk, Trog's Hand


You were on level 3 of the Dungeon.
You worshipped Trog.
Trog was pleased with you.
You visited 1 branch of the dungeon, and saw 3 of its levels.

You collected 68 gold pieces.

Inventory:

Hand Weapons
 a - a +0 hand axe
 c - a +3 vampiric hand axe (weapon)
Armour
 f - a +2 buckler (worn)
 j - a +0 plate armour (worn)
Scrolls
 g - a scroll of enchant armour
 i - a scroll of identify
 k - 3 scrolls of blinking
 l - a scroll of fear
Potions
 b - a potion of might {unknown}
 d - a potion of heal wounds
 e - a potion of curing {unknown}
 h - a potion of mutation


   Skills:
 + Level 4.2 Fighting
 + Level 4.2 Axes
 + Level 3.2 Armour
 - Level 2.7 Dodging
 + Level 0.7 Shields


You had 2 spell levels left.
You didn't know any spells.
Your spell library was empty.

Dungeon Overview and Level Annotations

Branches:
Dungeon (3/15)

Altars:
Sif Muna
Zin

Annotations:
D:3 Grinder


Innate Abilities, Weirdness & Mutations

You have a pair of horns on your head.
You reflexively headbutt those who attack you in melee.


Message History

You hit the ball python.
You kill the ball python!
Trog accepts your kill.
Grinder blinks!
Grinder blinks!
Found a scale mail.
Grinder gestures at you.
You suddenly lose the ability to move!
Grinder hits you but does no damage.
You can move again.
You closely miss Grinder. Grinder barely misses you.
You hit Grinder.
Grinder is lightly wounded.
Grinder barely misses you. You furiously retaliate!
You headbutt Grinder. You closely miss Grinder.
Grinder is moderately wounded.
Grinder gestures at you. Pain shoots through your body!
You barely miss Grinder.
Grinder is moderately wounded.
Grinder gestures at you. Pain shoots through your body!
You slash Grinder!
Grinder is heavily wounded.
Grinder barely misses you.
You hit Grinder.
Grinder is heavily wounded.
Grinder hits you.
Grinder blinks!
Grinder gestures at you. Pain shoots through your body!
* * * LOW HITPOINT WARNING * * *
Grinder hits you but does no damage.
You closely miss Grinder.
Grinder is heavily wounded.
Grinder hits you.
* * * LOW HITPOINT WARNING * * *
You writhe in agony.
* * * LOW HITPOINT WARNING * * *
Grinder attacks as you move away! Grinder hits you.
You die...

#! #.# #.# #.# #.#.#
#.######### #. #.#.#
#.#.......# #. #.#.#
#.#.......#
#.###.#.####.#.......##
....#.#....?...........
#........)....5........
##.#.#.#####.@........
#.#...............[.≈
#.......####.....#.≈≈
###.....# #.......≈≈
#.....# #....#.≈≈≈
#####.#### #.###...###
#.....# #.# #....
#.###.# #.# #.#.##
#.###.# ####.#


You could see Grinder.

Vanquished Creatures
  2 dart slugs (D:1)
  2 orcs
  7 bats
  4 endoplasms
  A giant cockroach (D:1)
  8 goblins
  2 hobgoblins
  4 quokkas
  5 ball pythons
  A frilled lizard (D:2)
  5 kobolds
  4 rats
45 creatures vanquished.

Notes
Turn   | Place    | Note
-------+----------+-------------------------------------------
     0 | D:1      | Dillybarz the Minotaur Berserker began the quest for the
                  | Orb.
     0 | D:1      | Reached XP level 1. HP: 19/19 MP: 0/0
    85 | D:1      | Reached XP level 2. HP: 27/27 MP: 1/1
   778 | D:2      | Reached XP level 3. HP: 33/33 MP: 2/2
   847 | D:2      | Reached ** piety under Trog
   866 | D:2      | Found a shimmering blue altar of Sif Muna.
   934 | D:2      | Found a faded altar of an unknown god.
  1547 | D:3      | Found a glowing silver altar of Zin.
  1619 | D:3      | Noticed Grinder
  1629 | D:3      | Paralysed by Grinder for 2 turns
  1639 | D:3      | HP: 1/33 [Grinder (4)]
  1641 | D:3      | Slain by Grinder

Illustrated notes

Levels and vault maps discovered:
D:1:      dpeg_arrival_arbitrary_b, layout_basic, corexii_hall_statues_l
D:2:      layout_loops_ring, ebering_ecumenical_altar_box, basic_altar,
          minmay_small_reverse_x
D:3:      layout_loops_ring, okawaru_metal_pillars_1_2,
          makhleb_altar_promises_db, zin_treasury, grunt_decor_junction,
          minmay_misc_feat_enclosed, minmay_misc_feat_columns, minivault_24,
          minmay_circle_x, uniq_grinder

Skill      XL: |  1  2 |
---------------+-------+-----
Axes           | 4 |  4.2
Fighting       | 4 |  4.2
Armour         | 3 |  3.2
Dodging        | |  2.7
Shields        | |  0.7

Action                   || total
-------------------------++-------
Melee: Hand axe          ||    78
       Headbutt          ||     6
       Punch             ||     1
  Use: Scroll            ||    11
Armor: Animal skin       ||    18
       Plate armour      ||    13
       Ring mail         ||     2
Dodge: Dodged            ||    41
Block: Buckler           ||     6
